 Dungeon Crawl Stone Soup version 0.20-a0-540-ge6d1839 (webtiles) character file.

79 AlphabetPasta the Poker (level 4, 0/34 HPs)
             Began as a Merfolk Warper on Jan 29, 2017.
             Slain by an adder (1 damage)
             ... on level 3 of the Dungeon.
             The game lasted 00:08:53 (1517 turns).

AlphabetPasta the Poker (Merfolk Warper)            Turns: 1517, Time: 00:08:54

Health: 0/34       AC:  4    Str: 12    XL:     4   Next: 37%
Magic:  7/7        EV: 12    Int: 12    God:
Gold:   93         SH:  0    Dex: 13    Spells: 0/7 levels left

rFire    . . .     SeeInvis .   a - +0 spear
rCold    . . .     Gourm    .   b - +0 leather armour
rNeg     . . .     Faith    .   (no shield)
rPois    .         Spirit   .   n - +0 helmet
rElec    .         Reflect  .   (no cloak)
rCorr    .         Harm     .   (no gloves)
MR       .....                  (no boots)
Stlth    +.........             (no amulet)
Regen    0.2/turn               (no ring)
                                (no ring)

@: lethally poisoned (0 -> -8), slowed, very slow
A: change form in water, swift swim, stealthy swim
a: no special abilities


You were on level 3 of the Dungeon.
You were not hungry.

You visited 1 branch of the dungeon, and saw 3 of its levels.

You collected 93 gold pieces.

Inventory:

Hand Weapons
 a - a +0 spear (weapon)
Missiles
 k - 5 curare-tipped needles
Armour
 b - a +0 leather armour (worn)
 n - a +0 helmet (worn)
Scrolls
 d - a scroll of blinking
 p - 2 scrolls of remove curse
Potions
 j - a potion of resistance
 l - a potion of magic
Books
 c - a book of Spatial Translocations

   Spells                             Type                      Level
   a - Blink                          Translocation                2
   b - Shroud of Golubria             Charms/Translocation         2
   c - Lesser Beckoning               Translocation                3
   d - Portal Projectile              Translocation                3
   e - Teleport Other                 Translocation                3
   f - Passage of Golubria            Translocation                4
Comestibles
 f - 2 bread rations
 g - 2 fruits
 h - a meat ration
 i - 2 chunks of flesh
 m - a royal jelly


   Skills:
 + Level 2.7 Fighting
 * Level 4.1 Polearms
 + Level 1.5 Throwing
 + Level 1.1 Armour
 + Level 2.8 Dodging
 + Level 2.1 Spellcasting
 + Level 1.2 Charms
 * Level 2.7 Translocations


You couldn't memorise any spells.
You knew the following spells:

 Your Spells              Type           Power        Failure   Level  Hunger
a - Blink                 Tloc           N/A          21%         2    ###....
b - Shroud of Golubria    Chrm/Tloc      #.........   24%         2    ###....
c - Portal Projectile     Tloc           #.....       38%         3    ####...


Dungeon Overview and Level Annotations

Branches:
Dungeon (3/15)

Altars:

Annotations:
D:3 Grinder, Natasha, Sigmund


Message History

Aim: Sigmund, wielding a scythe of protection and wearing a runed robe You throw a tomahawk of dispersal.
You feel less confused. The giant cockroach barely misses you.
The crimson imp hits you but does no damage.
The adder misses you.
Natasha stares at you and mumbles some strange words.
You feel yourself slow down.
Sigmund hits you from afar with a scythe of protection!
* * * LOW HITPOINT WARNING * * *
The giant cockroach bites you.
* * * LOW HITPOINT WARNING * * *
You closely miss Natasha.
* * * LOW HITPOINT WARNING * * *
You feel sick. The adder bites you but does no damage.
The crimson imp hits you.
* * * LOW HITPOINT WARNING * * *
The giant cockroach closely misses you. Natasha completely misses you.
The adder bites you.
You die...

#.# #.#
#.#<#.# #.#
#.###.# #.#
## #.# .. #>#
. ..##. # #.#
#.#... .#
#######.#
#####.#.@#..#
#.......#
..........>.#
#.#######
......s@h#
#5#
......S.5...#
#.#
.........#.##
#.#
.........# #
#.#
.........#
#.#
.......###
#.# ...##..
#5########
... ###
#.......<#
##########


You could see Sigmund, Natasha, a crimson imp, an adder and a giant cockroach.

Vanquished Creatures
  Robin (D:2)
  2 adders (D:2)
  A dart slug (D:2)
  2 leopard geckos
  5 bats
  3 giant cockroaches
  9 goblins (D:2)
  7 hobgoblins
  4 kobolds
  10 frilled lizards
  2 rats
46 creatures vanquished.

Vanquished Creatures (others)
  2 plants (D:2)
2 creatures vanquished.

Grand Total: 48 creatures vanquished

Notes
Turn   | Place    | Note
-------+----------+-------------------------------------------
     0 | D:1      | AlphabetPasta the Merfolk Warper began the quest for the Orb.
     0 | D:1      | Reached XP level 1. HP: 16/16 MP: 3/3
   149 | D:1      | Reached XP level 2. HP: 22/22 MP: 5/5
   153 | D:1      | Learned a level 2 spell: Blink
   156 | D:1      | Learned a level 2 spell: Shroud of Golubria
   593 | D:2      | Learned a level 2 spell: Shroud of Golubria
   617 | D:2      | Reached skill level 1 in Armour
   734 | D:2      | Reached XP level 3. HP: 27/28 MP: 6/6
   787 | D:2      | Noticed Robin
   801 | D:2      | Killed Robin
   809 | D:2      | Reached skill level 1 in Charms
  1113 | D:2      | Reached skill level 4 in Polearms
  1113 | D:2      | Reached XP level 4. HP: 32/34 MP: 4/7
  1118 | D:2      | Learned a level 3 spell: Portal Projectile
  1447 | D:3      | Noticed Grinder
  1504 | D:3      | Noticed Natasha
  1504 | D:3      | Noticed Sigmund
  1510 | D:3      | HP: 1/34 [Sigmund/scythe of protection (10)]
  1517 | D:3      | HP: 1/34 [crimson imp[Natasha] (1)]
  1517 | D:3      | Slain by an adder

Vault maps used:
D:1:      dpeg_arrival_orchard
D:2:      minmay_lizard_king, uniq_robin
D:3:      first_bread, guppyfry_early_orc_mine, uniq_natasha, uniq_terence,
          uniq_grinder, uniq_sigmund, uniq_crazy_yiuf_cottage

Skill      XL: |  1  2  3 |
---------------+----------+-----
Armour         | 1 |  1.1
Charms         | 1 |  1.2
Polearms       | 4 |  4.1
Fighting       | |  2.7
Throwing       | |  1.5
Dodging        | |  2.8
Spellcasting   | |  2.1
Translocations | |  2.7

Action                   |  1- 3 |  4- 6 || total
-------------------------+-------+-------++-------
Melee: Spear             |   113 |    40 ||   153
Throw: Tomahawk          |       |     5 ||     5
 Cast: Shroud of Golubri |     1 |     2 ||     3
  Use: Scroll            |     7 |     1 ||     8
       Potion            |       |     1 ||     1
 Stab: Sleeping          |     4 |       ||     4
  Eat: Chunk             |     1 |     1 ||     2
Armor: Leather armour    |     9 |    14 ||    23
Dodge: Dodged            |    33 |    38 ||    71
